 Dungeon Crawl Stone Soup version 0.30-a0-1160-g6e42c06551 (webtiles) character file.

Game seed: 2325613332833602549

11914 SingularityParadox the Cleaver (level 11, -1/87 HPs)
             Began as a Gnoll Reaver on Apr 26, 2023.
             Was a Priest of Wu Jian.
             Slain by Amaemon
             ... wielding a -2 demon whip of venom
              (7 damage)
             ... on level 9 of the Dungeon.
             The game lasted 00:25:55 (8099 turns).

SingularityParadox the Cleaver (Gnoll Reaver)       Turns: 8099, Time: 00:25:57

Health: -1/87      AC:  8    Str: 17    XL:     11   Next: 85%
Magic:  15/24      EV: 16    Int: 17    God:    Wu Jian [***...]
Gold:   307        SH:  0    Dex: 15    Spells: 19/28 levels left

rFire   + . .        C - +1 broad axe
rCold   + . .        (no shield)
rNeg    . . .        b - +1 leather armour
rPois   +            o - +2 hat
rElec   .            c - scarf {rC+ rF+}
rCorr   +            (no gloves)
SInv    +            j - +0 pair of boots of Infinity {rPois rCorr Str-3 Int+4}
Will    .....        k - amulet "Jank" {Regen+ Str+3}
Stlth   +++          e - +6 ring of strength
HPRegen 1.14/turn    v - ring of see invisible
MPRegen 0.19/turn

%: no passive effects
@: lethally poisoned (-1 -> -1), marked, slowed, serpent's lash, very slow
A: fangs 1, strong nose, distributed training
a: Renounce Religion, Wall Jump, Serpent's Lash


You were on level 9 of the Dungeon.
You worshipped Wu Jian.
Wu Jian was most pleased with you.
You visited 1 branch of the dungeon, and saw 9 of its levels.
You also visited: Sewer and Bailey.

You collected 1276 gold pieces.
You spent 969 gold pieces at shops.

Inventory:

Hand Weapons
 m - a +0 heavy hand axe
 q - a +0 battleaxe
 y - a +2 hand axe of electrocution
 C - a +1 broad axe (weapon)
Armour
 b - a +1 leather armour (worn)
 c - a scarf of resistance (worn)
 j - the +0 pair of boots of Infinity (worn) {rPois rCorr Str-3 Int+4}
   (You acquired it on level 4 of the Dungeon)

   Str:       It affects your strength (-3).
   Int:       It affects your intelligence (+4).
   rPois:     It protects you from poison.
   rCorr:     It protects you from acid and corrosion.
 o - a +2 hat (worn)
Jewellery
 e - a +6 ring of strength (left hand)
 k - the amulet "Jank" (around neck) {Regen+ Str+3}
   (You acquired it on level 4 of the Dungeon)

   [amulet of regeneration]

   Str:       It affects your strength (+3).
   Regen:     It increases your rate of health regeneration.
 n - a ring of resist corrosion
 s - a +4 ring of protection
 t - a ring of fire
 u - a ring of fire
 v - a ring of see invisible (right hand)
 z - an amulet of faith
Wands
 r - a wand of iceblast (20)
 w - a wand of mindburst (13)
Scrolls
 g - 4 scrolls of magic mapping
 i - 3 scrolls of fog
 B - 3 scrolls of teleportation
Potions
 a - a potion of magic {unknown}
 d - 3 potions of flight
 f - 2 potions of brilliance
 h - 2 potions of ambrosia {unknown}
 l - 2 potions of lignification
 p - a potion of attraction
 x - 2 potions of might
 A - 3 potions of haste
 E - a potion of mutation {unknown}


   Skills:
 + Level 8.9 Fighting
 + Level 7.5 Short Blades
 + Level 7.5 Long Blades
 + Level 10.0 Axes
 + Level 7.5 Maces & Flails
 + Level 7.5 Polearms
 + Level 7.5 Staves
 + Level 7.5 Ranged Weapons
 + Level 7.5 Throwing
 + Level 7.5 Armour
 + Level 8.9 Dodging
 + Level 7.5 Stealth
 + Level 7.5 Shields
 + Level 7.5 Unarmed Combat
 + Level 9.1 Spellcasting
 + Level 8.4 Conjurations
 + Level 6.2 Hexes
 + Level 6.2 Summonings
 + Level 6.2 Necromancy
 + Level 6.2 Translocations
 + Level 6.2 Transmutations
 + Level 6.2 Fire Magic
 + Level 6.2 Ice Magic
 + Level 6.2 Air Magic
 + Level 6.2 Earth Magic
 + Level 6.2 Poison Magic
 + Level 8.2 Invocations
 + Level 7.5 Evocations


You had 19 spell levels left.
You knew the following spells:

 Your Spells              Type           Power      Damage    Failure   Level
a - Kiss of Death         Conj/Necr      100%       2d13      1%          1
b - Momentum Strike       Conj/Tloc      64%        3d9       1%          2
c - Hailstorm             Conj/Ice       32%        3d8       1%          3
d - Stone Arrow           Conj/Erth      64%        3d11      1%          3

Your spell library contained the following spells:

 Spells                   Type           Power      Damage    Failure   Level
 Sandblast                Erth           58%        2d13      1%          1
 Passwall                 Tmut/Erth      24%        N/A       1%          2
 Sublimation of Blood     Necr           29%        N/A       1%          2
 Petrify                  Tmut/Erth      29%        N/A       9%          4
 Irradiate                Conj/Tmut      16%        3d17      14%         5
 Alistair's Intoxication  Tmut/Pois      19%        N/A       22%         5
 Borgnjor's Vile Clutch   Necr/Erth      14%        N/A       22%         5
 Eringya's Noxious Bog    Tmut/Pois      14%        N/A       77%         6


Dungeon Overview and Level Annotations

Branches:
Dungeon (9/15)             Temple (0/1) D:7           Sewer (visited)
 Bailey (visited)
   Lair: D:8-11         Orc: D:9-12

Altars:
Dithmenos
Hepliaklqana
Kikubaaqudgha
Nemelex Xobeh
Qazlal
Ru
Sif Muna
Uskayaw
Wu Jian
Yredelemnul
The Shining One

Shops:
D:8 *(?!

Annotations:
D:9 Amaemon


Innate Abilities, Weirdness & Mutations

You have very sharp teeth.
Your uncanny sense of smell can sniff out nearby items.
Your experience applies equally to all skills.


Message History

The scorpion completely misses you.
The scorpion stings you but does no damage.
Aiming: Stone Arrow (safe; 1% risk of failure)
Press: ? - help, Q - select action, (/) - cycle Shift-Dir - straight line, f/p - Amaemon
Aim: Amaemon, wielding a -2 demon whip of venom (heavily wounded, 67% to hit)
The stone arrow hits Amaemon!!
Amaemon is severely wounded.
You feel sick.
The scorpion stings you but does no damage.
The scorpion barely misses you.
An orc comes into view. It is wielding a +0 hand axe.
Amaemon drinks a potion.
Amaemon seems to grow stronger.
The orange demon stings you from afar!
You slash Amaemon!
Amaemon is severely wounded.
You slash the scorpion! You hit the scorpion but do no damage.
You feel sick. The scorpion stings you. The scorpion completely misses you.
Amaemon misses you. Amaemon claws you! Amaemon barely misses you.
The orange demon barely misses you. The scorpion barely misses you.
The scorpion misses you.
An orc wizard comes into view. It is wielding a +0 dagger.
Amaemon hits you with a -2 demon whip of venom!
* * * LOW HITPOINT WARNING * * *
Amaemon closely misses you.
Amaemon tail-slaps you but does no damage.
The orange demon completely misses you.
Okay, then.
You slice Amaemon!! You bite Amaemon, but do no damage.
Amaemon is almost dead.
You slash the scorpion!
You kill the scorpion!
The scorpion's corpse disappears in a puff of smoke!
You hit the scorpion.
You feel sick. The scorpion closely misses you. Amaemon completely misses you.
Amaemon misses you. Amaemon tail-slaps you!
* * * LOW HITPOINT WARNING * * *
The orange demon stings you from afar.
* * * LOW HITPOINT WARNING * * *
The scorpion closely misses you. The kobold completely misses you.
Amaemon hits you with a -2 demon whip of venom!
You die...

#.######.###### #.#.#.#
#.# #### ##.#.#.# #.#
#... ##.o..#.# #.# ##..
.......# #.# ##. .K.o#.#
#.# ## #K#c#.# #.# #
######s#K#.######.##
....s46@...........#####
##########.#######.....#
### #####.# #.# #.. ###


You could see Amaemon (strong), an orange demon (curare), a kobold brigand, a
centaur, 2 scorpions, an orc wizard, an orc and 2 kobolds.

Vanquished Creatures
  2 vault guards (Bailey)
  2 two-headed ogres
  Pikel (D:6)
  Joseph (D:7)
  A troll (D:9)
  Prince Ribbit (Bailey)
  3 humans (Bailey)
  A steam dragon (D:7)
  Menkaure (D:5)
  Duvessa (D:6)
  A water moccasin (D:7)
  3 ice beasts
  3 orc warriors
  3 sky beasts
  Pargi (Sewer)
  A black bear (D:5)
  A centaur (D:6)
  2 lemures (D:6)
  2 kobold brigands
  12 bullfrogs
  A gnoll sergeant (D:9)
  A scorpion (D:4)
  Dowan (D:6)
  3 killer bees (D:7)
  3 howler monkeys (D:8)
  6 hounds
  3 jellies
  7 orc priests
  Crazy Yiuf (D:4)
  A gnoll bouda (D:6)
  An iguana (D:3)
  7 orc wizards
  A sleepcap (D:7)
  19 gnolls
  3 adders
  A white imp (D:6)
  4 worms
  29 orcs
  8 ball pythons
  A bat skeleton (D:6)
  4 bat zombies (D:6)
  6 endoplasms
  3 giant cockroaches
  10 goblins
  7 hobgoblins
  4 jackals
  3 quokkas
  8 bats
  3 frilled lizards
  18 kobolds
  4 rats
214 creatures vanquished.

Vanquished Creatures (others)
  2 fungi (D:1)
2 creatures vanquished.

Grand Total: 216 creatures vanquished

Notes
Turn   | Place    | Note
-------+----------+-------------------------------------------
     0 | D:1      | SingularityParadox the Gnoll Reaver began the quest for the
                  | Orb.
     0 | D:1      | Reached XP level 1. HP: 20/20 MP: 6/6
   151 | D:1      | Reached XP level 2. HP: 22/26 MP: 7/7
   287 | D:1      | Found a faded altar of an unknown god.
   632 | D:1      | Reached skill level 5 in Spellcasting
   632 | D:1      | Reached XP level 3. HP: 29/31 MP: 7/9
   938 | D:2      | Reached skill level 1 in Invocations
  1055 | D:2      | Reached skill level 1 in Short Blades
  1055 | D:2      | Reached skill level 1 in Long Blades
  1055 | D:2      | Reached skill level 1 in Maces & Flails
  1055 | D:2      | Reached skill level 1 in Polearms
  1055 | D:2      | Reached skill level 1 in Staves
  1055 | D:2      | Reached skill level 1 in Ranged Weapons
  1055 | D:2      | Reached skill level 1 in Throwing
  1055 | D:2      | Reached skill level 1 in Armour
  1055 | D:2      | Reached skill level 1 in Stealth
  1055 | D:2      | Reached skill level 1 in Shields
  1055 | D:2      | Reached skill level 1 in Unarmed Combat
  1055 | D:2      | Reached skill level 1 in Evocations
  1058 | D:2      | Learned a level 2 spell: Momentum Strike
  1359 | D:3      | Reached XP level 4. HP: 37/38 MP: 8/11
  1369 | D:3      | Reached skill level 1 in Hexes
  1369 | D:3      | Reached skill level 1 in Summonings
  1369 | D:3      | Reached skill level 1 in Necromancy
  1369 | D:3      | Reached skill level 1 in Translocations
  1369 | D:3      | Reached skill level 1 in Transmutations
  1369 | D:3      | Reached skill level 1 in Fire Magic
  1369 | D:3      | Reached skill level 1 in Ice Magic
  1369 | D:3      | Reached skill level 1 in Air Magic
  1369 | D:3      | Reached skill level 1 in Earth Magic
  1369 | D:3      | Reached skill level 1 in Poison Magic
  1604 | D:3      | Reached XP level 5. HP: 41/43 MP: 10/12
  1975 | D:3      | HP: 2/43 [iguana (8)]
  2377 | D:4      | Noticed a two-headed ogre
  2391 | D:4      | Killed a two-headed ogre
  2392 | D:4      | Reached skill level 5 in Fighting
  2392 | D:4      | Reached skill level 7 in Axes
  2392 | D:4      | Reached skill level 5 in Dodging
  2392 | D:4      | Reached XP level 6. HP: 16/51 MP: 9/14
  2392 | D:4      | Reached XP level 7. HP: 18/56 MP: 9/15
  2539 | D:4      | Learned a level 3 spell: Hailstorm
  2557 | D:4      | Identified 3 scrolls of acquirement
  2558 | D:4      | Acquired the amulet "Jank" {Regen+ Str+3}
  2565 | D:4      | Acquired 699 gold pieces
  2566 | D:4      | Acquired the +0 pair of boots of Infinity {rPois rCorr
                  | Str-3 Int+4}
  2855 | D:4      | Reached XP level 8. HP: 47/63 MP: 13/16
  3278 | D:4      | Found a runed translucent door.
  3279 | D:4      | Noticed Crazy Yiuf
  3339 | D:4      | Killed Crazy Yiuf
  3435 | D:5      | Entered Level 5 of the Dungeon
  3573 | D:5      | Noticed Menkaure
  3726 | D:5      | Killed Menkaure
  3785 | D:5      | Found an ornate altar of the Wu Jian Council.
  3793 | D:5      | Noticed a spectral centipede
  3793 | D:5      | Noticed a spectral black mamba
  3794 | D:5      | Became a worshipper of the Wu Jian Council
  4148 | D:5      | Reached skill level 5 in Short Blades
  4148 | D:5      | Reached skill level 5 in Long Blades
  4148 | D:5      | Reached skill level 8 in Axes
  4148 | D:5      | Reached skill level 5 in Maces & Flails
  4148 | D:5      | Reached skill level 5 in Polearms
  4148 | D:5      | Reached skill level 5 in Staves
  4148 | D:5      | Reached skill level 5 in Ranged Weapons
  4148 | D:5      | Reached skill level 5 in Throwing
  4148 | D:5      | Reached skill level 5 in Armour
  4148 | D:5      | Reached skill level 5 in Stealth
  4148 | D:5      | Reached skill level 5 in Shields
  4148 | D:5      | Reached skill level 5 in Unarmed Combat
  4148 | D:5      | Reached skill level 5 in Evocations
  4148 | D:5      | Reached XP level 9. HP: 72/72 MP: 17/20
  4149 | D:5      | Reached skill level 9 in Axes
  4149 | D:5      | Reached skill level 5 in Hexes
  4149 | D:5      | Reached skill level 5 in Summonings
  4149 | D:5      | Reached skill level 5 in Necromancy
  4149 | D:5      | Reached skill level 5 in Translocations
  4149 | D:5      | Reached skill level 5 in Transmutations
  4149 | D:5      | Reached skill level 5 in Fire Magic
  4149 | D:5      | Reached skill level 5 in Ice Magic
  4149 | D:5      | Reached skill level 5 in Air Magic
  4149 | D:5      | Reached skill level 5 in Earth Magic
  4149 | D:5      | Reached skill level 5 in Poison Magic
  4149 | D:5      | Reached XP level 10. HP: 80/80 MP: 17/22
  4213 | D:5      | Found a hide-covered altar of Uskayaw.
  4218 | D:5      | Found a stormy altar of Qazlal.
  4218 | D:5      | Found a sacrificial altar of Ru.
  4219 | D:5      | Found a basalt altar of Yredelemnul.
  4220 | D:5      | Found a hazy altar of Hepliaklqana.
  4222 | D:5      | Found a shimmering blue altar of Sif Muna.
  4252 | D:5      | Found a sparkling altar of Nemelex Xobeh.
  4419 | D:6      | Found a glowing drain.
  4467 | Sewer    | Entered a sewer
  4524 | Sewer    | Noticed Pargi
  4537 | Sewer    | Killed Pargi
  4658 | D:6      | Noticed Pikel
  4665 | D:6      | Killed Pikel
  4765 | D:6      | Reached * piety under Wu Jian
  5140 | D:6      | Noticed Duvessa
  5140 | D:6      | Noticed Dowan
  5146 | D:6      | Killed Dowan
  5147 | D:6      | Killed Duvessa
  5213 | D:6      | Found a shadowy altar of Dithmenos.
  5291 | D:6      | Reached XP level 11. HP: 85/87 MP: 21/23
  5385 | D:6      | Found an ancient bone altar of Kikubaaqudgha.
  5622 | D:7      | Noticed Joseph
  5634 | D:7      | Killed Joseph
  5743 | D:7      | Found a staircase to the Ecumenical Temple.
  6546 | D:8      | Reached ** piety under Wu Jian
  6599 | D:8      | Found Hanea's Distillery.
  6643 | D:8      | Bought a potion of heal wounds for 65 gold pieces
  6656 | D:8      | Learned a level 3 spell: Stone Arrow
  6995 | D:8      | Found a flagged portal.
  7004 | D:8      | Found Onyhanu's Antique Weapon Shop.
  7008 | Bailey   | Entered a bailey
  7193 | Bailey   | Reached *** piety under Wu Jian
  7203 | Bailey   | Noticed Prince Ribbit
  7203 | Bailey   | Noticed a vault guard
  7216 | Bailey   | Killed a vault guard
  7220 | Bailey   | Killed Prince Ribbit
  7333 | Bailey   | Noticed a vault guard
  7347 | Bailey   | Killed a vault guard
  7348 | Bailey   | Reached skill level 10 in Axes
  7541 | D:8      | Bought a battleaxe for 136 gold pieces
  7561 | D:8      | Noticed a two-headed ogre
  7568 | D:8      | Killed a two-headed ogre
  7643 | D:8      | Found Egutadywk's Assorted Antiques.
  7651 | D:8      | Bought a lumpy brown potion for 18 gold pieces
  7651 | D:8      | Bought a scroll of enchant weapon for 157 gold pieces
  7651 | D:8      | Bought a scroll labelled FOIMPI FUREULI for 21 gold pieces
  7705 | D:8      | Found Pouguj's Magic Scroll Emporium.
  7714 | D:8      | Bought a scroll of acquirement for 572 gold pieces
  7714 | D:8      | Acquired Great Wizards, Vol. II
  8049 | D:9      | Found a glowing golden altar of the Shining One.
  8087 | D:9      | Noticed Amaemon
  8099 | D:9      | Slain by Amaemon

Illustrated notes

Levels and vault maps discovered:
D:1:      dpeg_arrival_round_a, layout_basic,
          dreamdust_ecumenical_altar_hidden_monk_grotto, minmay_tripent
D:2:      layout_rooms
D:3:      layout_loops_ring
D:4:      layout_basic, uniq_crazy_yiuf_cottage
D:5:      layout_loops_ring, minitemple, pdpol_wu_jian_five_deadly_venoms,
          uniq_menkaure
D:6:      layout_gridville, nicolae_dithmenos_the_darkroom,
          kennysheep_vampire_church, cheibrodos_sewer_entry_bend,
          chequers_serial_rivers_micro_b, minmay_strange_pillars, minivault_19,
          uniq_duvessa, uniq_pikel
D:7:      layout_basic, temple_fountains, uniq_joseph
D:8:      layout_basic, enter_bailey_6, serial_shops, shop, shop_coins, shop,
          shop
D:9:      layout_loops_ring, nicolae_tso_swordbearing_angel,
          jmf_multi_god_temple2, uniq_amaemon

Skill      XL: |  1  2  3  4  5  6  7  8  9 10 11 |
---------------+----------------------------------+-----
Spellcasting   | 5 7 8 9 |  9.1
Invocations    | 1 3 6 7 8 |  8.2
Short Blades   | 1 2 3 5 6 7 |  7.5
Long Blades    | 1 2 3 5 6 7 |  7.5
Maces & Flails | 1 2 3 5 6 7 |  7.5
Polearms       | 1 2 3 5 6 7 |  7.5
Staves         | 1 2 3 5 6 7 |  7.5
Ranged Weapons | 1 2 3 5 6 7 |  7.5
Throwing       | 1 2 3 5 6 7 |  7.5
Armour         | 1 2 3 5 6 7 |  7.5
Stealth        | 1 2 3 5 6 7 |  7.5
Shields        | 1 2 3 5 6 7 |  7.5
Unarmed Combat | 1 2 3 5 6 7 |  7.5
Evocations     | 1 2 3 5 6 7 |  7.5
Hexes          | 1 2 4 5 6 |  6.2
Summonings     | 1 2 4 5 6 |  6.2
Necromancy     | 1 2 4 5 6 |  6.2
Translocations | 1 2 4 5 6 |  6.2
Transmutations | 1 2 4 5 6 |  6.2
Fire Magic     | 1 2 4 5 6 |  6.2
Ice Magic      | 1 2 4 5 6 |  6.2
Air Magic      | 1 2 4 5 6 |  6.2
Earth Magic    | 1 2 4 5 6 |  6.2
Poison Magic   | 1 2 4 5 6 |  6.2
Fighting       | 5 7 8 |  8.9
Axes           | 7 8 9 10 | 10.0
Dodging        | 5 7 8 |  8.9
Conjurations   | 6 7 8 |  8.4

Action                     |  1- 3 |  4- 6 |  7- 9 | 10-12 || total
---------------------------+-------+-------+-------+-------++-------
  Melee: Hand axe          |   116 |    94 |    74 |   214 ||   498
         Bite              |    10 |     5 |     7 |    25 ||    47
         Punch             |     1 |     4 |       |    10 ||    15
         Broad axe         |       |       |       |    37 ||    37
   Cast: Kiss of Death     |     1 |       |       |       ||     1
         Momentum Strike   |     5 |     6 |    18 |    46 ||    75
         Hailstorm         |       |       |     2 |    14 ||    16
         Stone Arrow       |       |       |       |    33 ||    33
 Invoke: Serpent's Lash    |       |       |       |     1 ||     1
Ability: Lunge             |       |       |       |     9 ||     9
         Whirlwind         |       |       |       |     1 ||     1
    Use: Scroll            |     8 |     1 |    10 |    13 ||    32
         Potion            |       |     3 |     2 |     2 ||     7
   Stab: Invisible         |       |     4 |       |       ||     4
         Sleeping          |       |     1 |       |     4 ||     5
 Armour: Leather armour    |    43 |    14 |    19 |    68 ||   144
  Dodge: Dodged            |    79 |    65 |    61 |   231 ||   436

Table legend: (Time is in decaauts)
 A = Elapsed time spent in this place.
 B = Non-inter-level travel time spent in this place.
 C = Inter-level travel time spent in this place.
 D = Time resting spent in this place.
 E = Time spent auto-exploring this place.
 F = Levels seen in this place.
 G = Mean time per level.
                   A        B        C        D        E       F      G
               +--------+--------+--------+--------+--------+-----+--------+
         Total |   8139 |   7946 |    193 |    564 |   5646 |  11 |  739.9 |
       Dungeon |   7473 |   7280 |    193 |    497 |   5242 |   9 |  830.3 |
         Sewer |    152 |    152 |      0 |      0 |    106 |   1 |  152.0 |
        Bailey |    513 |    513 |      0 |     67 |    297 |   1 |  513.0 |
               +--------+--------+--------+--------+--------+-----+--------+

Top non-repeatable levels by time:
     D:6: 1153 daAuts
     D:4: 1135 daAuts
     D:3: 1010 daAuts
     D:5: 925 daAuts
     D:7: 920 daAuts
     D:8: 833 daAuts
     D:1: 802 daAuts
  Bailey: 513 daAuts
     D:2: 487 daAuts
     D:9: 204 daAuts
   Sewer: 152 daAuts
